 Dungeon Crawl Stone Soup version 0.17.0-28-g6e173f8 (webtiles) character file.

922 GeneralIdiocy the Reanimator (level 7, -1/46 HPs)
             Began as a Demonspawn Necromancer on Dec 2, 2015.
             Slain by an ice beast (10 damage)
             ... on level 5 of the Dungeon.
             The game lasted 00:09:50 (6355 turns).

GeneralIdiocy the Reanimator (DsNe)                 Turns: 6355, Time: 00:09:50

Health: -1/46      AC:  5    Str: 10    XL:     7   Next: 84%
Magic:  0/12       EV:  9    Int: 16    God:
Gold:   195        SH: 10    Dex: 14    Spells: 4 memorised, 2 levels left

rFire  . . .     SeeInvis .     x - +0 falchion
rCold  . . .     Clarity  +     a - +0 leather armour (curse)
rNeg   + . .     SustAt   .     y - +0 shield
rPois  .         Gourm    .     (helmet restricted)
rElec  .         Spirit   +     (no cloak)
rCorr  .         Warding  .     (no gloves)
rMut   .         Stasis   .     (no boots)
MR     .....                    p - amulet of clarity
Stlth  +++.......               (no ring)
                                n - ring of positive energy

@: not resistant to hostile enchantments, fairly stealthy
A: horns 1, large bone plates 1, nightstalker 1, magic shield
a: no special abilities


You were on level 5 of the Dungeon.
You were hungry.

You visited 1 branch of the dungeon, and saw 5 of its levels.

You collected 195 gold pieces.

Inventory:

Hand Weapons
 x - a +0 falchion (weapon)
Missiles
 r - a throwing net (quivered)
Armour
 a - a cursed +0 leather armour (worn)
 y - a +0 shield (worn)
Jewellery
 n - a ring of positive energy (left hand)
 p - an amulet of clarity (around neck)
 u - an uncursed ring of magical power {unknown}
Scrolls
 h - a scroll of enchant weapon {unknown}
 j - 2 scrolls of remove curse {unknown}
 k - 3 scrolls of teleportation {unknown}
 o - a scroll of noise {unknown}
 t - a scroll of magic mapping {unknown}
Potions
 f - 4 potions of curing
 i - a potion of ambrosia
 l - a potion of cancellation
 s - a potion of heal wounds
 w - a potion of cure mutation
 A - 2 potions of agility {unknown}
Books
 b - a book of Necromancy

   Spells                             Type                      Level
   a - Pain                           Necromancy                   1
   b - Animate Skeleton               Necromancy                   1
   c - Vampiric Draining              Necromancy                   3
   d - Regeneration                   Charms/Necromancy            3
   e - Animate Dead                   Necromancy                   4
   f - Control Undead                 Necromancy                   4
 d - a book of Frost

   Spells                             Type                      Level
   a - Freeze                         Ice                          1
   b - Throw Frost                    Conjuration/Ice              2
   c - Ozocubu's Armour               Charms/Ice                   3
   d - Throw Icicle                   Conjuration/Ice              4
   e - Summon Ice Beast               Ice/Summoning                4
   f - Condensation Shield            Ice                          4
 m - a book of the Tempests

   Spells                             Type                      Level
   a - Static Discharge               Conjuration/Air              3
   b - Lightning Bolt                 Conjuration/Air              5
   c - Fireball                       Conjuration/Fire             5
   d - Tornado                        Air                          9
   e - Shatter                        Earth                        9
Comestibles
 c - 3 bread rations
 g - a royal jelly
 q - 2 slices of pizza
 v - 2 meat rations


   Skills:
 - Level 1.7 Dodging
 - Level 1.7 Stealth
 * Level 3.5 Shields
 + Level 3.8 Spellcasting
 * Level 9.0 Necromancy


You had 2 spell levels left.
You knew the following spells:

 Your Spells              Type           Power        Failure   Level  Hunger
a - Pain                  Necr           ####         3%          1    None
b - Vampiric Draining     Necr           ####......   12%         3    ###....
c - Regeneration          Chrm/Necr      ###.......   63%         3    ###....
d - Animate Dead          Necr           N/A          30%         4    ####...


Dungeon Overview and Level Annotations

Branches:
Dungeon (5/15)
 Temple: D:4-7

Altars:
Dithmenos
Elyvilon
Gozag
Nemelex Xobeh
Okawaru
Ru
Vehumet
Yredelemnul

Annotations:
D:3 GeneralIdiocy's ghost, amateur DsNe


Innate Abilities, Weirdness & Mutations

You have a pair of small horns on your head.
You are partially covered in large bone plates (AC +2, SH +2).
You are slightly more attuned to the shadows.
When hurt, damage is shared between your health and your magic reserves.


Message History

Aim: an ice beast (heavily wounded, chance to defeat MR: 84%)
The ice beast convulses in agony!
You block the ice beast's attack.
Drink which item? (? for menu, Esc to quit)
Okay, then.
You barely miss the ice beast.
The ice beast is severely wounded.
The ice beast completely misses you.
You closely miss the ice beast.
The ice beast is severely wounded.
The ice beast hits you. The ice beast freezes you!
* * * LOW HITPOINT WARNING * * *
Casting: Pain
Confirm with . or Enter, or press ? or * to list all spells.
Aiming: Pain
Press: ? - help, Shift-Dir - straight line, f/p - ice beast
Aim: an ice beast (severely wounded, chance to defeat MR: 84%)
The ice beast convulses in agony!
The ice beast hits you.
* * * LOW HITPOINT WARNING * * *
The ice beast freezes you!
You die...

# ### ###### ####...#
##...#. ####......#
##...#.. ..........##
##....###
...........####.....#
#..................#
#..Y.##.(.#.......#
#..@#...####.....###
##.....## #...#.....
##...## #..#####..
#....# ..## ##
......... .. ##
............ #.
#...###...... .. ##..
#..... .. .. #.... ..


You could see an ice beast.

Vanquished Creatures
  Grinder (D:4)
  A centaur (D:5)
  A scorpion (D:4)
  2 water moccasin skeletons (D:5)
  A centaur zombie (D:4)
  An orc priest (D:4)
  3 hounds
  An iguana (D:5)
  An orc wizard (D:4)
  2 worker ants (D:4)
  9 gnolls
  10 adders
  A shadow imp (D:3)
  An ooze (D:1)
  2 worms
  An orc (D:4)
  5 bats
  3 giant cockroaches
  7 hobgoblins
  2 ball pythons
  4 giant geckos
  3 giant newts
  7 goblins
  6 jackals (D:1)
  6 kobolds
  6 rats
87 creatures vanquished.

Notes
Turn   | Place    | Note
--------------------------------------------------------------
     0 | D:1      | GeneralIdiocy the Demonspawn Necromancer began the quest for the Orb.
     0 | D:1      | Reached XP level 1. HP: 13/13 MP: 3/3
    53 | D:1      | Gained mutation: You are partially covered in large bone plates (AC +2, SH +2). [demonic ancestry]
    53 | D:1      | Reached XP level 2. HP: 16/19 MP: 0/5
    65 | D:1      | Reached skill level 5 in Necromancy
  1013 | D:1      | Gained mutation: When hurt, damage is shared between your health and your magic reserves. [demonic ancestry]
  1013 | D:1      | Reached XP level 3. HP: 24/24 MP: 6/6
  2126 | D:2      | Reached skill level 6 in Necromancy
  2371 | D:2      | Found a sparkling altar of Nemelex Xobeh.
  2374 | D:2      | Found an iron altar of Okawaru.
  2419 | D:2      | Reached XP level 4. HP: 27/30 MP: 5/7
  2641 | D:2      | Found a faded altar to an unknown god.
  2960 | D:3      | Found a radiant altar of Vehumet.
  3104 | D:3      | Noticed GeneralIdiocy's ghost (amateur DsNe)
  3181 | D:2      | Learned a level 3 spell: Vampiric Draining
  3185 | D:2      | Learned a level 3 spell: Regeneration
  3345 | D:3      | Found a shadowy altar of Dithmenos.
  3747 | D:3      | Gained mutation: You have a pair of small horns on your head. [demonic ancestry]
  3747 | D:3      | Reached XP level 5. HP: 35/35 MP: 8/8
  3807 | D:3      | Reached skill level 7 in Necromancy
  4018 | D:3      | Found an opulent altar of Gozag.
  4025 | D:3      | Found a white marble altar of Elyvilon.
  4025 | D:3      | Found a sacrificial altar of Ru.
  4029 | D:3      | Found a basalt altar of Yredelemnul.
  4755 | D:4      | Gained mutation: You are slightly more attuned to the shadows. [demonic ancestry]
  4755 | D:4      | Reached XP level 6. HP: 35/41 MP: 5/10
  4851 | D:4      | Reached skill level 1 in Shields
  5069 | D:4      | Learned a level 4 spell: Animate Dead
  5193 | D:4      | Noticed Grinder
  5210 | D:4      | Killed Grinder
  5210 | D:4      | Reached skill level 8 in Necromancy
  5210 | D:4      | Reached XP level 7. HP: 39/46 MP: 2/12
  5540 | D:5      | Entered Level 5 of the Dungeon
  6278 | D:5      | Reached skill level 9 in Necromancy
  6355 | D:5      | Slain by an ice beast

Action                   |  1- 3 |  4- 6 |  7- 9 || total
-------------------------+-------+-------+-------++-------
Melee: Spear             |   141 |   105 |       ||   246
       Falchion          |       |    83 |    89 ||   172
 Cast: Pain              |    20 |    33 |     7 ||    60
       Vampiric Draining |       |     4 |     7 ||    11
  Use: Scroll            |       |     5 |       ||     5
       Potion            |       |     2 |       ||     2
 Stab: Sleeping          |     3 |     6 |     2 ||    11
       Distracted        |     2 |       |       ||     2
  Eat: Chunk             |     5 |     8 |     4 ||    17
       Fruit             |       |     2 |       ||     2
